Cogmind - Beta 14 @@@ ROGUE MODE // 2025.04.06 @ 15:06:03 Player: sam Result: Self-destructed Performance ------------- Evolutions (1) 500 Regions Visited (3) 600 Robots Destroyed (13) 65 Value Destroyed (270) 270 Prototype IDs (0) 0 Alien Tech Used (0) 0 Bonus (0) 0 TOTAL SCORE: 1435 Bonus ------- None Cogmind --------- Core Integrity 337/400 Matter 235/300 Energy 450/450 System Corruption 0% Temperature Cool (26) Movement Walking (190) Ox1 Location -9/Materials Parts ------- > --- POWER (2) -------- Deuterium Engine Deuterium Engine > --- PROPULSION (3) --- Aluminum Leg Aluminum Leg > --- UTILITY (2) ------ Small Storage Unit Targeting Computer > --- WEAPON (2) ------- Mining Laser > --- INVENTORY (8) ---- Improved Power Shielding Light Armor Plating Light Armor Plating EM Pulse Gun Explosive Trap Explosive Trap Explosive Trap Peak State ------------ > --- POWER ------------ Deuterium Engine Deuterium Engine > --- PROPULSION ------- Aluminum Leg Aluminum Leg > --- UTILITY ---------- Small Storage Unit Targeting Computer > --- WEAPON ----------- Grenade Launcher Mining Laser > --- INVENTORY -------- Light Nuclear Core Light Armor Plating Light Armor Plating EM Pulse Gun Explosive Trap Explosive Trap Explosive Trap [Rating: 12] Favorites ----------- Power Light Nuclear Core Engine Light Ion Engine Power Core Light Nuclear Core Propulsion Aluminum Leg Treads Light Treads Leg Aluminum Leg Utility Small Storage Unit Storage Small Storage Unit Processor Targeting Computer Protection Light Armor Plating Weapon Mining Laser Energy Gun EM Pulse Gun Launcher Grenade Launcher Special Weapon Mining Laser Build | -11 -10 -10 -9 ------- Run | Yrd Mat Min Mat Slots Evolved 2 | . . . 2 Power 1 | . . . 1 Propulsion 1 | . . . 1 Utility . | . . . . Weapon . | . . . . Parts Attached 15 | 6 3 4 2 Power 4 | 1 . 1 2 Engine 3 | 1 . . 2 Core 1 | . . 1 . Reactor . | . . . . Propulsion 4 | 2 . 2 . Treads 2 | 2 . . . Leg 2 | . . 2 . Wheel . | . . . . Hover . | . . . . Flight . | . . . . Utility 3 | 1 2 . . Device . | . . . . Storage 1 | 1 . . . Processor 1 | . 1 . . Hackware . | . . . . Protection 1 | . 1 . . Artifact . | . . . . Weapon 4 | 2 1 1 . Energy Gun 2 | 2 . . . Energy Cannon . | . . . . Ballistic Gun . | . . . . Ballistic Cannon . | . . . . Launcher 1 | . . 1 . Special Weapon 1 | . 1 . . Impact Weapon . | . . . . Slashing Weapon . | . . . . Piercing Weapon . | . . . . Special Melee Weapon . | . . . . Unidentified Prototypes . | . . . . Parts Lost 2 | . 1 . 1 Power . | . . . . Propulsion . | . . . . Utility . | . . . . Weapon 2 | . 1 . 1 Highest Loss Streak 1 | . 1 . 1 To Critical Strikes . | . . . . Average Slot Usage (%) 97 | . 96 100 87 Engine 6 | . 14 . 20 Core 8 | . . 13 . Treads 7 | . 28 1 . Leg 19 | . . 26 22 Storage 13 | . 14 14 11 Processor 11 | . 6 14 11 Protection 1 | . 6 . . Energy Gun 6 | . 26 . . Launcher 10 | . . 14 11 Special Weapon 10 | . . 14 11 Peak Build Rating 12 | 6 7 9 12 Average Rating 8 | 4 6 8 11 On Entrance 5 | . 6 7 9 Naked Turns . | . . . . Heaviest Build 27 | 12 15 14 27 Greatest Support 40 | 40 40 40 20 Greatest Overweight (x) 1 | . . . 1 Average Overweight (x) . | . . . . Largest Inventory Capacity 8 | 8 8 8 8 Average Capacity 7 | 6 8 8 8 Most Carried 8 | 2 4 6 8 Average Carried 4 | . 2 4 6 Final Capacity 8 | 8 8 8 8 Final Carried 7 | . 3 6 7 Class Distribution -------------------- 100% | Mutant Dominant Class ---------------- Mutant | -10/Materials Mutant | -10/Mines Mutant | -9/Materials Resources | -11 -10 -10 -9 ----------- Run | Yrd Mat Min Mat Matter Collected 353 | 206 65 82 . Remotely . | . . . . Salvage Created 230 | . 128 102 . Parts 23 | . 10 13 . Haulers Intercepted . | . . . . Recyclers Shooed . | . . . . Parts Field Recycled . | . . . . Retrieved Matter . | . . . . Parts Self-Destructed . | . . . . Prevented . | . . . . Kills | -11 -10 -10 -9 ------- Run | Yrd Mat Min Mat Combat Hostiles Destroyed 10 | . 5 5 . Guns 4 | . 4 . . AOE 6 | . 1 5 . Classes Destroyed 5 | . 3 2 . Tunneler 1 | . . 1 . Operator 1 | . 1 . . Watcher 1 | . 1 . . Swarmer 8 | . 5 3 . Grunt 2 | . . 2 . Best Kill Streak 3 | . 3 3 . Combat Bots Only 3 | . 3 3 . Max Kills in Single Turn 3 | . 1 3 . Gunslinging . | . . . . Exploded 3 | . 1 3 . Melee . | . . . . Uniques/NPCs Destroyed . | . . . . Combat | -11 -10 -10 -9 -------- Run | Yrd Mat Min Mat Hostile Shots Fired 72 | . 55 3 14 Missed 19 | . 14 2 3 Damage Taken 758 | . 367 77 314 Core 149 | . 86 . 63 Absorbed by Shields . | . . . . Core Remaining (%) 82 | 100 . 65 . Volleys Fired 32 | . 24 3 5 Largest 2 | . 2 2 1 Hottest 130 | . 80 130 30 Shots Fired 54 | . 45 4 5 Gun 45 | . 45 . . Cannon . | . . . . Launcher 8 | . . 3 5 Special 1 | . . 1 . Kinetic . | . . . . Thermal 1 | . . 1 . Explosive 8 | . . 3 5 Electromagnetic 45 | . 45 . . Robot Hit Streak 6 | . 3 3 6 Robot Miss Streak 5 | . 5 1 . Penetration Max . | . . . . Secondary Targets 1 | . 1 . . Max Gunslinging Chain 1 | . 1 . . Shots Hit Robots 23 | . 16 2 5 Core Hits 14 | . 7 7 . Critical Kills . | . . . . Critical Parts Destroyed . | . . . . Critical Strikes . | . . . . Melee Attacks . | . . . . Impact . | . . . . Slashing . | . . . . Piercing . | . . . . Sneak Attacks . | . . . . Combat Hostiles . | . . . . Follow-up Attacks . | . . . . Damage Inflicted 602 | . 307 234 61 Guns 218 | . 218 . . Cannons . | . . . . Explosions 375 | . 89 225 61 Melee . | . . . . Ramming 9 | . . 9 . Kinetic . | . . . . Thermal 89 | . 89 . . Explosive 286 | . . 225 61 Electromagnetic 218 | . 218 . . Impact . | . . . . Slashing . | . . . . Piercing . | . . . . Highest Corruption . | . . . . Average Corruption . | . . . . Corruption Purged . | . . . . Corruption Blocked . | . . . . Overload Shots . | . . . . Overflow Damage 10 | . . 10 . Projectiles . | . . . . Explosions 10 | . . 10 . Melee . | . . . . Knockbacks . | . . . . Impact . | . . . . Kinetic . | . . . . Secondary . | . . . . Self-Inflicted Damage 242 | . 25 71 146 Shots 9 | . 1 3 5 Rammed . | . . . . Targets Rammed 1 | . . 1 . Kicked 1 | . . 1 . Crushed . | . . . . Highest Temperature 228 | . 228 40 26 Average Temperature 69 | . 80 21 14 Received Heat Transfer 123 | . 36 6 81 Siege Activations . | . . . . Robots Corrupted . | . . . . Combat Hostiles . | . . . . Parts Fried 2 | . 2 . . Impact Corruptions . | . . . . Robots Melted . | . . . . Combat Hostiles . | . . . . Parts Melted . | . . . . Heat Transferred 150 | . 150 . . Parts Sabotaged . | . . . . Parts Stolen . | . . . . Parts Stripped . | . . . . Power Chain Reactions 3 | . 3 . . Alert | -11 -10 -10 -9 ------- Run | Yrd Mat Min Mat Peak Influence 257 | . 257 170 89 Initial 100 | . . 100 55 Average 112 | . 127 129 58 Maximum Alert Level 1 | . 1 . . Low Security (%) 92 | 100 70 100 100 Level 1 7 | . 29 . . Level 2 . | . . . . Level 3 . | . . . . Level 4 . | . . . . Level 5 . | . . . . High Security . | . . . . Max Security . | . . . . Squads Dispatched 1 | . 1 . . Investigation 1 | . 1 . . Extermination . | . . . . Reinforcement . | . . . . Assault . | . . . . Garrison . | . . . . Intercept . | . . . . Searches Triggered . | . . . . Construction Impeded . | . . . . Haulers Reinforced . | . . . . Active Scanning Responses . | . . . . Cargo Convoy Interrupts . | . . . . Stealth | -11 -10 -10 -9 --------- Run | Yrd Mat Min Mat Distress Signals 1 | . 1 . . Communications Jammed . | . . . . Distress Signals . | . . . . Times Spotted 20 | . 13 5 2 Peak Tracking Total 4 | . 4 3 2 Tactical Retreats 1 | . 1 . . Traps | -11 -10 -10 -9 ------- Run | Yrd Mat Min Mat Traps Triggered . | . . . . Indirectly . | . . . . Trap Hack Attempts . | . . . . Triggered . | . . . . Disarmed . | . . . . Reprogrammed . | . . . . Reused . | . . . . Traps Extracted . | . . . . Installed . | . . . . Triggered . | . . . . Most Traps Carried 3 | . . 3 3 Machines | -11 -10 -10 -9 ---------- Run | Yrd Mat Min Mat Machines Disabled 7 | . 2 5 . Max in Single Turn 4 | . 1 4 . Machines Repaired . | . . . . Machines Dismantled . | . . . . Machines Sabotaged . | . . . . Overloaded Fab Kills . | . . . . Hacking | -11 -10 -10 -9 --------- Run | Yrd Mat Min Mat Machines Accessed 1 | . 1 . . Terminals 1 | . 1 . . Fabricators . | . . . . Repair Stations . | . . . . Recycling Units . | . . . . Scanalyzers . | . . . . Garrison Access . | . . . . Total Hacks 3 | . 3 . . Successful 1 | . 1 . . Failed 2 | . 2 . . Catastrophic . | . . . . Database Lockouts . | . . . . Manual . | . . . . Terminals 3 | . 3 . . Fabricators . | . . . . Repair Stations . | . . . . Recycling Units . | . . . . Scanalyzers . | . . . . Garrison Access . | . . . . Terminal Hacks 1 | . 1 . . Record 1 | . 1 . . Fabricator Hacks . | . . . . Repair Station Hacks . | . . . . Recycling Unit Hacks . | . . . . Scanalyzer . | . . . . Garrison Access Hacks . | . . . . Unauthorized Hacks . | . . . . Terminals . | . . . . Fabricators . | . . . . Repair Stations . | . . . . Recycling Units . | . . . . Scanalyzers . | . . . . Garrison Access . | . . . . Data Cores Recovered 1 | . 1 . . Used . | . . . . Hacking Detections 1 | . 1 . . Full Trace Events 1 | . 1 . . Feedback Events . | . . . . Feedback Blocked . | . . . . Robot Schematics Acquired . | . . . . Robots Built . | . . . . Authchips . | . . . . Time . | . . . . Total Robot Build Rating . | . . . . Part Schematics Acquired . | . . . . Parts Built . | . . . . Authchips . | . . . . Time . | . . . . Total Part Build Rating . | . . . . Parts Repaired . | . . . . Time . | . . . . Parts Recycled . | . . . . Recycled Matter . | . . . . Retrieved Matter . | . . . . Retrieved Components . | . . . . Parts Scanalyzed . | . . . . Part Schematics Acquired . | . . . . Parts Damaged . | . . . . Bothacking | -11 -10 -10 -9 ------------ Run | Yrd Mat Min Mat Used RIF Installer . | . . . . Robots Hacked . | . . . . Non-combat . | . . . . Combat . | . . . . Robot Hacks Applied . | . . . . Relay Couplers Released . | . . . . Fabnet Peak Effective % . | . . . . Robots Rewired . | . . . . Allies Hacked . | . . . . Hacks Repelled . | . . . . Allies | -11 -10 -10 -9 -------- Run | Yrd Mat Min Mat Total Allies . | . . . . Largest Group . | . . . . Highest-Rated Group . | . . . . Highest-Rated Ally . | . . . . Total Orders . | . . . . Ally Attacks . | . . . . Total Damage . | . . . . Kills . | . . . . Allies Corrupted . | . . . . Allies Melted . | . . . . Intel | -11 -10 -10 -9 ------- Run | Yrd Mat Min Mat Robot Analysis Total . | . . . . Derelict Logs Recovered 1 | . . 1 . Drone Launches . | . . . . Drone Recoveries . | . . . . Exploration | -11 -10 -10 -9 ------------- Run | Yrd Mat Min Mat Turns Passed 970 | 62 235 560 113 Spaces Moved 625 | 34 99 444 48 Core 3 | 3 . . . Treads 137 | 31 99 7 . Legs 485 | . . 437 48 Wheels . | . . . . Hover . | . . . . Flight . | . . . . Fastest Speed 50 | 50 160 120 120 Average Speed 133 | 150 160 120 182 Slowest Speed 190 | 160 160 160 190 Overloaded Moves . | . . . . Propulsion Burnouts . | . . . . Robots Hopped . | . . . . Cave-ins Triggered . | . . . . Exploration Rate (%) 29 | 4 24 80 9 Regions Visited 3 Branch Regions 1 Pre-discovered Areas . | . . . . Known Exits Taken . | . . . . Unknown Exits Taken 3 | 1 1 1 . Scrap Searched 1 | . . 1 . Spaces Dug . | . . . . Terrain Destroyed 49 | . 12 15 22 Melee . | . . . . Projectile 1 | . . 1 . AOE 48 | . 12 14 22 Terrain Rammed . | . . . . Walls Destroyed . | . . . . Machines Disabled . | . . . . Actions | -11 -10 -10 -9 --------- Run | Yrd Mat Min Mat Total 704 | 45 130 461 68 Wait 10 | . . 1 9 Move 622 | 33 98 443 48 Hop . | . . . . Pick Up 20 | 6 5 6 3 Fast Attach . | . . . . Attach 9 | 6 2 . 1 Detach . | . . . . Swap 6 | . 1 4 1 Drop 4 | . . 3 1 Fire 32 | . 24 3 5 Melee . | . . . . Ram . | . . . . Kick 1 | . . 1 . Crush . | . . . . Escape Stasis . | . . . . Rewire . | . . . . Trap . | . . . . Miscellaneous . | . . . . Route ------- -11/Scrapyard -10/Materials -10/Mines -9/Materials History --------- Turn | Location | Event 9 | -11/Scrapyard | Discovered new exit (range 15) 63 | -11/Scrapyard | Entered Materials 288 | -10/Materials | Discovered new exit (range 7) 298 | -10/Materials | Entered Mines 344 | -10/Mines | Build established: Mutant 526 | -10/Mines | Found a hidden stash of uninstalled traps 576 | -10/Mines | Learned Materials interactive machine intel 804 | -10/Mines | Discovered new exit (range 11) 858 | -10/Mines | Entered Materials 858 | -9/Materials | Evolved 2 slots: Power x1, Propulsion x1 859 | -9/Materials | Loaded intel: 18 interactive machine locations 971 | -9/Materials | Self-destructed Last Messages --------------- EXIT=FOUND S-10 Pest destroyed. Laser Drill disabled. S-10 Pest destroyed. Acquired 5 matter. Acquired 3 matter. Acquired 2 matter. PARAMETERS=POWER+1,PROPULSION+1 LOCATION=UNKNOWN GOAL=ESCAPE Loading Materials interactive machine intel (x18)... Acquired Deuterium Engine. Dropped Lgt. Nuclear Core. Acquired Imp. Power Shielding. K-01 Serf collects debris. Critical hit (Burn: +37). The unstable cave ceiling collapses. U-05 Engineer lays Concrete. Grenade Launcher destroyed. U-05 Engineer lays Concrete. Map ----- +----------------------------------------------------+ | ?"???????????????????????????????????????????????? | | ?T???????????????????????????????????????????????? | | ?"???????????????????????????????????????????????? | | ?????????????????????????????????????????????????? | | ?????????????????????????????????????????????????? | | ?????????????????????????????????????????????????? | | ?????????????????????????????????????????????????? | | ?????????????????????????????????????????????????? | | ?????????????????????????????????????????????????? | | ?????????????????????????????????????????????????? | | ?????????????????????????????????????????????????? | | ?????????????????????????????????????????????????? | | ?????????????????????????????????????????????????? | | ?????????????????????????????????????????????????? | | ????????????????????????????#????????????????????? | | ??????????????????????????? #????###?????????????? | | ??????????????????????????? #??? "T"?????????????? | | ??????????????????????????? #?? ??????????????? | | ???????????????????????#### #? ""??????????????? | | ??????????????????????## # ## ""??????????????? | | ????#######???????????# """ #?"T"???????? | | ##### ############# ????????????? | | """?????????????? | | Y """?????????????? | | """?????????????? | | ## #####???????# @ u #???????????? | | ####/######??? #???????????? | | *# #??# ## ## ###+#####???????????? | | !**# #??# ??# #??#???????????????????? | | #### #??# ???# #??????????????????????? | | ???# #??# ?????# #??????????????????????? | | ???# #??# ??????# #??????????????????????? | | ???# #??#??????## ###### ######+?????????? | | ???# ########### ^ ????????? | | ???# + ????????? | | ???##################### ^^ ????????? | | ???????????????????????##+##############?????????? | | ???????????????????????? ?????????????????????? | | ????????????????????????"""""????????????????????? | | ??????????????????????? """"" ???????????????????? | | ??????????????????????? """"" #??????????????????" | | ?????????????????????? """"" #??????????????????" | | ?????????????????????? """"?????????????????????" | | ?????????????????????# ?????????????????????????? | | ?????????????????????# ??????????????????????????? | | ?????????????????????# ??????????????????????????? | | ???????????""T""?????????????????????????????????? | | ???????????"""""?????????????????????????????????? | | ?????????????????????????????????????????????????? | | ?????????????????????????????????????????????????? | +----------------------------------------------------+ Best States ------------- Heat Dissipation 28 Energy Generation 23 Energy Capacity 450 Matter Stores 300 Matter Capacity 300 Sight Range 16 Terrain Scan Density 10 Armor Coverage 150 Evasion (%) 55 Targeting Accuracy 5 Recoil Reduction 2 Item Schematics ----------------- None Robot Schematics ------------------ None Fabricated ------------ Nothing Alien Tech Used ----------------- None Achievements -------------- None Challenges ------------ None Game ------ Seed ArmorFlyingStorm Manual? 0 Play Time 00:09:58 Cumulative 2.1 hours Start 2025.03.13 @ 16:48:38 End 2025.04.06 @ 15:06:03 Sessions 3 Manual Loads 0 Difficulty Rogue Special Mode None Game No. 4 Rogue 2 Adventurer 0 Explorer 2 Win Type - Total 0 Types 0/0/0/0/0/0/0/0/0 Lore% 1 Gallery% 7 Achievement% 7 Wizard Run 0 Options --------- Layout 1 ASCII 0 Keyboard 0 Movement Mouse Keybinds 0 Fullscreen 1 Font 20/Terminus Map View 27x22 Zoom Use 94% Tactical HUD 0 Map Filters NONE Filters NONE Steam 1 RUN: dc38abcf-c5db-4745-95ae-157c40e5e58b